 Dungeon Crawl Stone Soup version 0.21.0-25-ge575cb9 (webtiles) character file.

96567 HEYYEYAAE the Geomancer (level 15, -2/124 HPs)
             Began as a Demigod Earth Elementalist on Jan 24, 2018.
             Slain by an orc warrior
             ... wielding a +0 dire flail
              (13 damage)
             ... on level 1 of the Orcish Mines.
             The game lasted 01:19:39 (33441 turns).

HEYYEYAAE the Geomancer (DgEE)                     Turns: 33441, Time: 01:19:40

Health: -2/124     AC: 14    Str: 11    XL:     15   Next: 26%
Magic:  8/46       EV: 18    Int: 34    God:
Gold:   542        SH:  0    Dex: 16    Spells: 10/37 levels left

rFire    + . .     SeeInvis .   A - +9 quarterstaff (chaos)
rCold    + + +     Gourm    +   (shield currently unavailable)
rNeg     + . .     Faith    .   B - +2 troll leather armour
rPois    .         Spirit   .   b - +3 hat of Pondering {ponderous, MR+ MP+10 Int+5}
rElec    .         Reflect  .   t - +0 cloak
rCorr    .         Harm     .   e - +0 pair of gloves
MR       ++...                  x - +0 pair of boots
Stlth    ++........             p - amulet of Xom's Flight of Fancy {Gourm rC+++}
HPRegen  0.70/turn              a - ring of positive energy
MPRegen  0.30/turn              j - ring of protection from fire

@: berserk cooldown, slow
A: high mp 1
a: no special abilities


You were on level 1 of the Orcish Mines.
You were not hungry.

You visited 4 branches of the dungeon, and saw 24 of its levels.
You also visited: Ice Cave.

You collected 1815 gold pieces.
You spent 1273 gold pieces at shops.

Inventory:

Hand Weapons
 A - a +9 quarterstaff of chaos (weapon)
Missiles
 y - 183 stones (quivered)
Armour
 b - the +3 hat of Pondering (worn) {ponderous, MR+ MP+10 Int+5}
   (You took it off Gastronok on level 8 of the Dungeon)

   It affects your intelligence (+5).
   It affects your resistance to hostile enchantments.
   It affects your magic capacity (+10).
 e - a +0 pair of gloves (worn)
 r - the +2 leather armour of Cocytus {Int+2 Dex+3}
   (You found it on level 5 of the Lair of Beasts)

   It affects your intelligence (+2).
   It affects your dexterity (+3).
 t - a +0 cloak (worn)
 x - a +0 pair of boots (worn)
 z - a +2 robe of resistance
 B - a +2 troll leather armour (worn)
 O - a +0 shield
Jewellery
 a - a ring of positive energy (left hand)
 f - an uncursed ring of ice
 h - an uncursed ring of resist corrosion
 j - a ring of protection from fire (right hand)
 k - an uncursed ring of flight
 p - the amulet of Xom's Flight of Fancy (around neck) {Gourm rC+++}
   (You found it on level 6 of the Lair of Beasts)

   [amulet of the gourmand]

   It allows you to eat raw meat even when not hungry.
   It renders you almost immune to cold.
 s - a +4 ring of dexterity
 N - an uncursed ring of see invisible
Wands
 D - a wand of digging (12)
 U - a wand of disintegration (11)
 V - a wand of flame (69)
Scrolls
 g - a scroll of fog
 i - 7 scrolls of amnesia
 l - 4 scrolls of immolation
 v - 4 scrolls of remove curse
 w - a scroll of vulnerability
 M - 2 scrolls of enchant weapon
 T - a scroll of acquirement
 W - a scroll of magic mapping
Potions
 m - 6 potions of flight
 n - 3 potions of brilliance
 q - 3 potions of curing
 u - a potion of magic {unknown}
 E - a potion of cancellation
 F - 3 potions of mutation
 H - a potion of might
 K - a potion of resistance {unknown}
 Q - a potion of agility
 Y - 2 potions of lignification
Books
 c - a book of Party Tricks

   Spells                             Type                      Level
   a - Summon Butterflies             Summoning                    1
   b - Apportation                    Translocation                1
   c - Lesser Beckoning               Translocation                3
   d - Tukima's Dance                 Hexes                        3
   e - Alistair's Intoxication        Transmutation/Poison         5
   f - Invisibility                   Hexes                        6
Miscellaneous
 X - 2 phantom mirrors
Comestibles
 d - 28 rations


   Skills:
 + Level 9.2 Fighting
 + Level 9.3 Armour
 + Level 9.4 Dodging
 - Level 1.7 Stealth
 + Level 6.1 Shields
 * Level 11.9 Spellcasting
 - Level 0.8 Transmutations
 * Level 13.0 Earth Magic
 + Level 9.1 Evocations


You had 10 spell levels left.
You knew the following spells:

 Your Spells              Type           Power        Failure   Level  Hunger
a - Sandblast             Erth           ######       0%          1    None
b - Stone Arrow           Conj/Erth      ######       1%          3    None
c - Lee's Rapid Deconstr  Erth           #######...   1%          5    None
d - Petrify               Tmut/Erth      ######..     1%          4    None
e - Portal Projectile     Hex/Tloc       ###...       8%          3    None
f - Leda's Liquefaction   Hex/Erth       ######....   1%          4    None
g - Ozocubu's Armour      Chrm/Ice       ###.....     8%          3    None
h - Inner Flame           Hex/Fire       ###.....     8%          3    None
i - Summon Butterflies    Summ           ###.....     2%          1    None


Dungeon Overview and Level Annotations

Branches:
Dungeon (15/15)            Temple (1/1) D:6            Lair (6/6) D:8
 Shoals (0/4) Lair:3       Spider (0/4) Lair:3        Slime (0/5) Lair:6
    Orc (2/2) D:10            Elf (0/3) Orc:2        Vaults (0/5) D:14
 Depths (0/5) D:15

Shops:
D:8 }(   D:11 !   D:12 %   D:13 (   Orc:1 *   Orc:2 *%*}

Annotations:
Lair:6 exclusion: oklob plant


Innate Abilities, Weirdness & Mutations

You have an increased reservoir of magic. (+10% MP)


Message History

Unknown command.
Casting: Sandblast
Confirm with . or Enter, or press ? or * to list all spells.
Aiming: Sandblast
Press: ? - help, Shift-Dir - straight line, f/p - ogre
Aim: an ogre, wielding a giant club (almost dead)
The blast of sand hits the ogre.
You kill the ogre!
y - 183 stones The orc barely misses you.
The orc priest calls down the wrath of Beogh upon you.
Beogh smites you!
* * * LOW HITPOINT WARNING * * *
An ogre comes into view. It is wielding a giant club.
Unknown command.
You feel yourself speed up.
The ogre shouts!
The orc barely misses you.
The orc warrior hits you with a dire flail!
You die...

.∩.. #.#.##$..#.
....##........O..
...>.............
.......#.....#...
..............#..
..........h....#
.......#.......##
........@o...$...
.......##o##.#.#.
....... .o.#
..........##
........###
....o... ..#.....
#.#....


You could see a warg, an orc warrior, an ogre, an orc priest and an orc.

Vanquished Creatures
  Gastronok (D:8)
  Donald (Orc:2)
  Azrael (D:12)
  The ghost of Stelteck the Geomancer, a journeyman GrEE of Vehumet (Lair:5)
  Snorg (D:10)
  2 ogre magi (Orc:2)
  Harold (Lair:4)
  8 hydras
  The ghost of manyhoops the Fighter, a journeyman GnWn of Hepliaklqana (D:9)
  6 centaur warriors
  An alligator (Lair:6)
  The ghost of Moloch the Destroyer, a journeyman OpFE of Vehumet (D:11)
  10 two-headed ogres
  An orc high priest (Orc:2)
  2 deep trolls (Orc:2)
  2 wolf spider zombies
  A necromancer (IceCv)
  An orc knight (Orc:2)
  3 wolf spiders
  4 oklob plants (Lair:6)
  An orc sorcerer (Orc:2)
  An ugly thing (D:13)
  5 cyclopes
  A deep elf mage (D:14)
  A manticore (D:14)
  A centaur zombie (D:14)
  13 black mambas
  Maurice (D:12)
  A guardian serpent (Lair:6)
  3 ice statues (IceCv)
  Psyche (D:9)
  4 gargoyles
  2 torpor snails
  16 spiny frogs
  5 rime drakes
  A freezing wraith (D:14)
  An efreet (D:15)
  5 ice devils
  3 jumping spiders (Lair:3)
  9 trolls
  A wind drake (shapeshifter) (D:13)
  10 polar bears (Lair:6)
  The ghost of Zorot the Magician, a novice DEFE (D:5)
  4 hornets
  17 blink frogs
  5 slime creatures (D:14)
  5 raiju (Lair:6)
  13 hippogriffs
  A vampire (D:14)
  Sigmund (D:4)
  A fire elemental (D:12)
  2 wraiths
  2 shadows (D:12)
  12 wyverns
  56 yaks
  4 redbacks
  2 basilisks
  A hungry ghost (D:10)
  6 wargs (Lair:6)
  The ghost of komo4ek the Charlatan, an amateur HuAr (D:3)
  An acid dragon (D:12)
  14 hell hounds
  18 water moccasins
  8 porcupines
  Duvessa (D:4)
  A sky beast (shapeshifter) (D:10)
  5 sky beasts
  12 black bears
  11 orc warriors
  A necrophage (D:11)
  16 ogres
  6 phantoms
  4 ice beasts
  27 wolves
  2 eyes of draining
  4 centaurs
  6 crocodiles
  Blork the orc (D:5)
  16 bullfrogs
  10 scorpions
  Dowan (D:4)
  21 killer bees
  5 wights (D:11)
  An electric eel (Lair:5)
  4 howler monkeys
  7 crimson imps
  2 bullfrog zombies
  2 quasits
  A draconian simulacrum (IceCv)
  2 bullfrog skeletons
  8 hounds
  23 orc wizards
  Crazy Yiuf (D:4)
  4 centaur skeletons
  2 jellies
  19 orc priests
  An iguana (D:8)
  Ijyb (D:5)
  A troll simulacrum (IceCv)
  6 worker ants
  3 centaur simulacra (IceCv)
  2 hound zombies
  A howler monkey zombie (D:5)
  14 gnolls
  2 naga simulacra (IceCv)
  14 adders
  3 ogre simulacra (IceCv)
  4 shadow imps
  An ooze (D:1)
  An adder skeleton (D:4)
  3 worms (D:2)
  2 dart slugs
  7 leopard geckos
  86 orcs
  4 giant cockroaches
  3 hobgoblins
  13 jackals
  3 quokkas
  A ball python (D:3)
  6 bats
  2 frilled lizards
  7 goblins
  8 kobolds
  A leopard gecko zombie (D:8)
  16 rats
  A fungus (Lair:6)
753 creatures vanquished.

Vanquished Creatures (collateral kills)
  A hydra (Lair:2)
  A black mamba (Lair:2)
  A wolf (Lair:2)
3 creatures vanquished.

Vanquished Creatures (others)
  A howler monkey (D:14)
  2 bushes (Lair:6)
  26 fungi
  62 plants
91 creatures vanquished.

Grand Total: 847 creatures vanquished

Notes
Turn   | Place    | Note
-------+----------+-------------------------------------------
     0 | D:1      | HEYYEYAAE the Demigod Earth Elementalist began the quest for the Orb.
     0 | D:1      | Reached XP level 1. HP: 14/14 MP: 5/5
   243 | D:1      | Reached XP level 2. HP: 20/20 MP: 4/7
   369 | D:1      | Reached skill level 3 in Earth Magic
   759 | D:2      | Reached XP level 3. HP: 26/27 MP: 8/8
   764 | D:2      | Learned a level 3 spell: Stone Arrow
  1103 | D:2      | Reached skill level 1 in Fighting
  1416 | D:2      | Reached skill level 1 in Armour
  1555 | D:2      | Reached XP level 4. HP: 22/35 MP: 0/10
  2222 | D:3      | Noticed komo4ek's ghost (amateur HuAr)
  3238 | D:3      | Found a sacrificial altar of Ru.
  3629 | D:4      | Noticed a bullfrog
  3633 | D:4      | Killed a bullfrog
  3633 | D:4      | Reached XP level 5. HP: 40/40 MP: 6/12
  3707 | D:4      | Noticed Sigmund
  3724 | D:4      | Killed Sigmund
  3724 | D:4      | Reached skill level 4 in Earth Magic
  3724 | D:4      | Reached skill level 1 in Evocations
  3724 | D:4      | Reached XP level 6. HP: 48/48 MP: 1/14
  3819 | D:4      | Found a runed door.
  3843 | D:4      | Noticed Duvessa
  3843 | D:4      | Noticed Dowan
  3863 | D:4      | Killed Dowan
  3874 | D:4      | Killed Duvessa
  4321 | D:4      | Reached XP level 7. HP: 54/55 MP: 15/15
  4332 | D:4      | Found a glowing golden altar of the Shining One.
  4517 | D:4      | Noticed Crazy Yiuf
  4522 | D:4      | Killed Crazy Yiuf
  4605 | D:5      | Entered Level 5 of the Dungeon
  4875 | D:5      | Reached skill level 5 in Earth Magic
  4908 | D:5      | Noticed Blork the orc
  4928 | D:5      | Killed Blork the orc
  5104 | D:5      | Noticed Zorot's ghost (novice DEFE)
  5369 | D:5      | Found a bloodstained altar of Trog.
  5370 | D:5      | Found an iron altar of Okawaru.
  5419 | D:5      | Killed Zorot's ghost
  5419 | D:5      | Reached XP level 8. HP: 63/63 MP: 7/18
  5541 | D:5      | Noticed Ijyb
  5545 | D:5      | Killed Ijyb
  6447 | D:3      | Killed komo4ek's ghost
  6587 | D:6      | Reached skill level 5 in Spellcasting
  6737 | D:6      | Found an opulent altar of Gozag.
  6775 | D:6      | Found a snail-covered altar of Cheibriados.
  6927 | D:6      | Reached skill level 6 in Earth Magic
  6997 | D:6      | Found a staircase to the Ecumenical Temple.
  7633 | Temple   | Entered the Ecumenical Temple
  7706 | D:7      | Reached XP level 9. HP: 71/71 MP: 6/20
  7822 | D:7      | Found an ornate altar of the Wu Jian Council.
  7942 | D:7      | Found a basalt altar of Yredelemnul.
  8720 | D:8      | Found a radiant altar of Vehumet.
  8725 | D:8      | Found Ifaulelu's Weapon Boutique.
  8767 | D:8      | Bought 21 stones for 27 gold pieces
  8939 | D:8      | Reached skill level 7 in Earth Magic
  9117 | D:8      | Found a sacrificial altar of Ru.
  9125 | D:8      | Found Kuiduokk's Magic Scroll Boutique.
  9128 | D:8      | Noticed Gastronok
  9188 | D:8      | Found Oram's Gadget Shop.
  9301 | D:8      | Bought a wand of disintegration (17) for 252 gold pieces
  9725 | D:8      | Found a staircase to the Lair.
  9731 | D:8      | Reached skill level 5 in Dodging
  9973 | D:8      | Killed Gastronok
  9973 | D:8      | Reached XP level 10. HP: 40/80 MP: 1/24
 10192 | D:9      | Reached skill level 5 in Fighting
 10193 | D:9      | Noticed manyhoops's ghost (journeyman GnWn)
 10199 | D:9      | Noticed Psyche
 10205 | D:9      | Killed Psyche
 10205 | D:9      | Reached skill level 8 in Earth Magic
 10227 | D:9      | Killed manyhoops's ghost
 10227 | D:9      | Reached skill level 5 in Armour
 10607 | D:9      | Reached skill level 5 in Evocations
 10659 | D:9      | Found a shadowy altar of Dithmenos.
 10672 | D:9      | Learned a level 5 spell: Lee's Rapid Deconstruction
 10677 | D:9      | Learned a level 4 spell: Petrify
 10986 | D:10     | Entered Level 10 of the Dungeon
 11155 | D:10     | Noticed a two-headed ogre
 11585 | D:9      | Found a deep blue altar of Sif Muna.
 11587 | D:9      | Reached XP level 11. HP: 88/88 MP: 26/26
 12204 | D:10     | Noticed a two-headed ogre
 12211 | D:10     | Killed a two-headed ogre
 12213 | D:10     | Noticed a two-headed ogre
 12225 | D:10     | Killed a two-headed ogre
 12329 | D:10     | Killed a two-headed ogre
 12329 | D:10     | Reached skill level 9 in Earth Magic
 12709 | D:10     | Found a staircase to the Orcish Mines.
 13114 | D:10     | Noticed Snorg
 13121 | D:10     | Killed Snorg
 13572 | D:11     | Found Gususmoz's Distillery.
 13575 | D:11     | Bought 2 potions of ambrosia for 192 gold pieces
 13575 | D:11     | Bought a potion of curing for 36 gold pieces
 13575 | D:11     | Bought a potion of curing for 36 gold pieces
 13575 | D:11     | Bought a potion of haste for 120 gold pieces
 13645 | D:11     | Found a frozen archway.
 13699 | IceCv    | Entered an ice cave
 14356 | IceCv    | Noticed a necromancer
 14358 | IceCv    | Killed a necromancer
 14946 | D:11     | Noticed Moloch's ghost (journeyman OpFE)
 14953 | D:11     | Killed Moloch's ghost
 15093 | D:11     | Reached XP level 12. HP: 69/97 MP: 6/29
 15295 | D:11     | Reached skill level 10 in Earth Magic
 15528 | D:11     | Noticed a centaur warrior
 15534 | D:11     | Killed a centaur warrior
 15865 | D:12     | Noticed Maurice
 15975 | D:12     | Killed Maurice
 16211 | D:12     | Noticed Azrael
 16221 | D:12     | Reached skill level 1 in Shields
 16504 | D:13     | Noticed a seven-headed hydra
 16512 | D:13     | Killed a seven-headed hydra
 16792 | D:11     | Bought a potion of berserk rage for 60 gold pieces
 16792 | D:11     | Bought a potion of agility for 48 gold pieces
 16792 | D:11     | Bought a potion of brilliance for 48 gold pieces
 16907 | Lair:1   | Entered Level 1 of the Lair of Beasts
 17776 | Lair:1   | Noticed a seven-headed hydra
 17781 | Lair:1   | Killed a seven-headed hydra
 18226 | Lair:2   | Noticed an eight-headed hydra
 18236 | Lair:2   | Killed an eight-headed hydra
 18823 | Lair:2   | You fall through a shaft for 2 floors!
 18913 | Lair:4   | Noticed Harold
 18945 | Lair:4   | Killed Harold
 18945 | Lair:4   | Reached skill level 10 in Spellcasting
 18945 | Lair:4   | Reached XP level 13. HP: 54/105 MP: 3/31
 19367 | Lair:4   | Reached skill level 11 in Earth Magic
 19958 | Lair:5   | Noticed Stelteck's ghost (journeyman GrEE)
 20159 | Lair:3   | Found a staircase to the Shoals.
 20193 | Lair:3   | Identified a scroll of acquirement
 21529 | Lair:3   | Found a hole to the Spider Nest.
 22194 | Lair:5   | Killed Stelteck's ghost
 22708 | Lair:5   | Got a heavily runed leather armour
 22719 | Lair:5   | Identified the +2 leather armour of Cocytus {Int+2 Dex+3} (You found it on level 5 of the Lair of Beasts)
 23048 | Lair:6   | Entered Level 6 of the Lair of Beasts
 24506 | Lair:6   | Reached XP level 14. HP: 110/115 MP: 33/33
 25015 | Lair:6   | Reached skill level 12 in Earth Magic
 26723 | Lair:6   | Got an ancient garnet amulet
 26725 | Lair:6   | Identified the amulet of Xom's Flight of Fancy {Gourm rC+++} (You found it on level 6 of the Lair of Beasts)
 26826 | Lair:6   | Reached skill level 5 in Shields
 27415 | Lair:6   | Found a staircase to the Slime Pits.
 27560 | Lair:6   | Got a bloodstained short sword
 27980 | Lair:6   | Identified the +6 short sword of Xyog {pierce, +Rage rF++} (You found it on level 6 of the Lair of Beasts)
 27982 | Lair:6   | Got a blackened spear
 28043 | Lair:6   | Found a blossoming altar of Fedhas.
 28623 | D:12     | Killed Azrael
 28760 | D:12     | Found Maad's Food Emporium.
 29255 | D:13     | Learned a level 3 spell: Portal Projectile
 29260 | D:13     | Learned a level 4 spell: Leda's Liquefaction
 29264 | D:13     | Learned a level 3 spell: Ozocubu's Armour
 29269 | D:13     | Learned a level 3 spell: Inner Flame
 29274 | D:13     | Learned a level 1 spell: Summon Butterflies
 29820 | D:13     | Found Ikaunah's Weapon Boutique.
 31896 | D:14     | Found a gate to the Vaults.
 32043 | D:15     | Entered Level 15 of the Dungeon
 32050 | D:15     | Identified the +5 spear "Zugheuga" {pierce, +Rage Str-2 Dex+7} (You found it on level 6 of the Lair of Beasts)
 32418 | D:15     | Found a staircase to the Depths.
 32419 | D:15     | Noticed a fire giant
 32539 | Orc:1    | Entered Level 1 of the Orcish Mines
 32822 | Orc:2    | Entered Level 2 of the Orcish Mines
 32822 | Orc:2    | Found Tevuf's General Store.
 32827 | Orc:2    | Found Bajan's Food Shop.
 32837 | Orc:2    | Found Iryess's Gadget Shoppe.
 32868 | Orc:2    | Found a staircase to the Elven Halls.
 32889 | Orc:2    | Reached XP level 15. HP: 103/124 MP: 35/35
 32993 | Orc:2    | Noticed Donald
 33363 | Orc:2    | Found Ziluem's Weapon Shop.
 33365 | Orc:2    | Found Raveiz's General Store.
 33375 | Orc:2    | Bought a potion of curing for 45 gold pieces
 33375 | Orc:2    | Bought an uncursed ring of protection from fire for 375 gold pieces
 33375 | Orc:2    | Bought 23 stones for 34 gold pieces
 33414 | Orc:2    | Killed Donald
 33414 | Orc:2    | Reached skill level 13 in Earth Magic
 33434 | Orc:1    | Found Det Safisk's Assorted Antiques.
 33441 | Orc:1    | Slain by an orc warrior

Skill      XL: |  1  2  3  4  5  6  7  8  9 10 11 12 13 14 15 |
---------------+----------------------------------------------+-----
Spellcasting   | 2 3 4 5 7 9 10 11 | 11.9
Earth Magic    | 3 4 5 6 7 8 9 10 11 12 13 | 13.0
Dodging        | 2 3 4 5 6 7 8 9 |  9.4
Fighting       | 1 2 3 4 5 6 7 8 9 |  9.2
Armour         | 1 2 3 4 5 6 7 8 9 |  9.3
Evocations     | 1 2 3 4 5 6 7 8 9 |  9.1
Shields        | 2 4 5 6 |  6.1
Stealth        | |  1.7
Transmutations | |  0.8

Action                   |  1- 3 |  4- 6 |  7- 9 | 10-12 | 13-15 || total
-------------------------+-------+-------+-------+-------+-------++-------
Melee: Unarmed           |    15 |       |       |       |       ||    15
       Short sword       |    48 |   151 |    88 |       |       ||   287
       Quarterstaff      |       |       |       |   186 |   190 ||   376
Throw: Stone             |       |       |       |     2 |     1 ||     3
 Cast: Sandblast         |    32 |    54 |   193 |    49 |   135 ||   463
       Stone Arrow       |    12 |    21 |    81 |   321 |   556 ||   991
       Lee's Rapid Decon |       |       |       |    64 |    87 ||   151
       Petrify           |       |       |       |     5 |    36 ||    41
       Ozocubu's Armour  |       |       |       |       |     5 ||     5
       Leda's Liquefacti |       |       |       |       |     2 ||     2
       Inner Flame       |       |       |       |       |     1 ||     1
Evoke: Wand              |       |    19 |    25 |    23 |    60 ||   127
       Phantom mirror    |       |       |       |     1 |       ||     1
  Use: Scroll            |     1 |     4 |     9 |    20 |    24 ||    58
       Potion            |       |       |     6 |     3 |    17 ||    26
 Stab: Sleeping          |     3 |     2 |     2 |     1 |       ||     8
       Paralysed         |       |       |     3 |       |       ||     3
       Distracted        |       |       |       |     1 |       ||     1
       Petrified         |       |       |       |       |     4 ||     4
  Eat: Chunk             |     4 |    11 |     6 |    15 |    31 ||    67
       Ration            |       |       |     4 |     6 |     6 ||    16
Armor: Robe              |    14 |    67 |    71 |   156 |   113 ||   421
       Troll leather arm |       |       |       |       |    83 ||    83
       Skin              |       |       |       |       |     4 ||     4
Dodge: Dodged            |    50 |   167 |   204 |   450 |   807 ||  1678
